 Dungeon Sprint DCSS version 0.17-a0-1778-gd369669 (webtiles) character file.

14562 pipel the Severer (level 12, -1/114 (115) HPs)
             Began as a Hill Orc Skald on Sept 8, 2015.
             Was the Champion of Beogh.
             Slain by an orc warlord
             ... wielding a +2 battleaxe of draining
              (25 damage)
             ... in the Dungeon (Sprint VII: "The Pits").
             The game lasted 00:27:51 (2462 turns).

pipel the Severer (Hill Orc Skald)                  Turns: 2462, Time: 00:27:52

HP:   -1/114 (115)  AC: 19    Str: 23    XL:     12   Next: 17%
MP:   9/22          EV: 14    Int: 12    God:    Beogh [******]
Gold: 42            SH:  0    Dex: 10    Spells: 4 memorised, 15 levels left

rFire  . . .     SeeInvis .     a - +4 war axe (elec)
rCold  . . .     Clarity  .     k - +5 scale mail
rNeg   . . .     SustAt   .     (no shield)
rPois  +         Gourm    .     (no helmet)
rElec  .         Spirit   .     G - +0 cloak
rCorr  .         Warding  .     F - +0 pair of gloves
rMut   .         NoTele   +     (no boots)
MR     .....                    (no amulet)
Stlth  ..........               K - ring of poison resistance
                                y - +3 ring of strength

@: very slightly contaminated, not resistant to hostile enchantments, extremely
unstealthy
A: walk on water
a: Smiting, Recall Orcish Followers, Give Item to Named Follower, Renounce
Religion


You were in the Dungeon.
You worshipped Beogh.
Beogh was exalted by your worship.
You were very full.

You visited 1 branch You collected 42 gold pieces.

Inventory:

Hand weapons
 a - a +4 war axe of electrocution (weapon)
 u - a +0 hand axe
 v - a +2 trident
 x - a +2 hand axe of chopping
 D - a +2 hand axe of electrocution
 E - a +2 antimagic halberd
Missiles
 o - 47 stones (quivered)
Armour
 k - a +5 scale mail (worn)
 F - a +0 pair of gloves (worn)
 G - a +0 cloak (worn)
Magical staves
 b - an uncursed staff of energy
 I - an uncursed staff of death
Jewellery
 y - a +3 ring of strength (left hand)
 B - a +3 ring of strength
 J - an uncursed ring of ice
 K - a ring of poison resistance (right hand)
Scrolls
 j - 3 scrolls of blinking
 q - 5 scrolls of remove curse
 r - 5 scrolls of amnesia
 s - a scroll of summoning
 t - 2 scrolls of vulnerability
 z - 3 scrolls of identify
 H - 2 scrolls of fog
 M - a scroll of fear
Potions
 e - 7 potions of curing
 f - 16 potions of heal wounds
 g - 2 potions of haste
 h - 4 potions of magic
 i - 3 potions of berserk rage
 n - 2 potions of invisibility
 A - 2 potions of agility
 C - 3 potions of might
 O - a potion of brilliance
 P - a potion of cure mutation
Books
 c - a book of Battle

   Spells                             Type                      Level
   a - Infusion                       Charms                       1
   b - Shroud of Golubria             Charms/Translocation         2
   c - Song of Slaying                Charms                       2
   d - Spectral Weapon                Hexes/Charms                 3
   e - Regeneration                   Charms/Necromancy            3
 L - a Grand Grimoire

   Spells                             Type                      Level
   a - Monstrous Menagerie            Summoning                    6
   b - Summon Greater Demon           Summoning                    7
   c - Malign Gateway                 Summoning/Translocation      7
   d - Summon Horrible Things         Summoning                    8
Comestibles
 d - 5 bread rations
 l - 40 fruits
 m - 7 meat rations
 p - 5 chunks of flesh


   Skills:
 + Level 13.0 Fighting
 + Level 17.3 Axes
 - Level 0.4 Throwing
 + Level 11.5 Armour
 + Level 10.8 Dodging
 - Level 1.1 Stealth
 - Level 6.6 Spellcasting
 - Level 2.4 Hexes
 + Level 13.3 Charms
 - Level 4.9 Necromancy
 - Level 2.7 Translocations
 + Level 7.2 Invocations


You had 15 spell levels left.
You knew the following spells:

 Your Spells              Type           Power        Failure   Level  Hunger
a - Infusion              Chrm           #####.       1%          1    None
b - Shroud of Golubria    Chrm/Tloc      ###.......   1%          2    #......
r - Regeneration          Chrm/Necr      ####......   2%          3    ###....
s - Spectral Weapon       Hex/Chrm       ###.....     4%          3    ###....


Dungeon Overview and Level Annotations

Branches:
Dungeon (1/1)

Altars:
Ashenzari
Cheibriados
Dithmenos
Elyvilon
Fedhas
Gozag
Kikubaaqudgha
Makhleb
Nemelex Xobeh
Okawaru
Qazlal
Ru
Sif Muna
Trog
Vehumet
Xom
Yredelemnul
Zin
The Shining One
Beogh
Jiyva
Lugonu


Message History

You kill the orc knight!
Beogh accepts your kill.
Your Fighting skill increases to level 13!
Your orc warrior hits something with a hand axe.
Something misses your sixfirhy.
The orc knight barely misses your sixfirhy.
Olfik hits the orc knight with a +2 trident of piercing!
A naga comes into view. It is wielding a short sword.
You swap places.
A naga warrior comes into view. It is wielding a halberd of chopping.
The orc knight hits you from afar with an uncursed halberd!!
* * * LOW HITPOINT WARNING * * *
Your orc knight completely misses the naga warrior.
Something barely misses your orc warrior.
Something bites your orc warrior!
Your orc warrior hits something with a hand axe!! x2
Beogh accepts your kill.
You feel a bit more experienced.
The orc warlord hits you with a battleaxe of draining!!
You die...

++###############################
...............34....)...........
..............o4(4...............
..##############@o##############^
..# #oooX..# #. ..# #..ooN.# #.
.)# #..oo..# #. ..# ###..### #.
..# .NN. #. ..# ..oo #. ..#
#....# #. ..# #.


You could see 2 orc warlords, 2 naga warriors, 5 orc knights, a large
abomination, a naga, a friendly orc knight (frenzied), the friendly Olfik the
orc high priest, a friendly orange demon, 2 friendly sixfirhies, a friendly
ynoxinul, the friendly Olfik the orc sorcerer and a friendly orc warrior
(frenzied).

Vanquished Creatures
  A deep elf sorcerer (D)
  A death knight (D)
  An alligator snapping turtle (D)
  A catoblepas (D)
  4 harpies (D)
  A wizard (D)
  An orc knight (D)
  A hornet (D)
  A rust devil (D)
  An orange demon (D)
  A blue devil (D)
  A hellwing (D)
  A komodo dragon (D)
  A guardian mummy (D)
  2 jumping spiders (D)
  A blink frog (D)
  A wraith (D)
  Sigmund (D)
  A shadow (D)
  A redback (D)
  A deep elf fighter (D)
  A mottled dragon (D)
  6 vampire mosquitoes (D)
  Grum (D)
  A basilisk (D)
  A steam dragon (D)
  3 wolves (D)
  A warg (D)
  A soldier ant (D)
  A porcupine (D)
  An ice beast (D)
  A sky beast (D)
  Purgy (D)
  A centaur (D)
  A big kobold (D)
  A brain worm (D)
  A crocodile (D)
  6 killer bees (D)
  2 quasits (D)
  A hound (D)
  A jelly (D)
  Crazy Yiuf (D)
  A worker ant (D)
  11 sheep (D)
  A mummy (D)
  A gnoll (D)
  A white imp (D)
  A giant eyeball (D)
  An ooze (D)
  An adder skeleton (D)
  A worm (D)
  2 giant geckos (D)
  2 orcs (D)
  A bat zombie (D)
  A giant cockroach (D)
  2 jackals (D)
  A quokka (D)
  A giant newt (D)
  A quokka skeleton (D)
89 creatures vanquished.

Vanquished Creatures (collateral kills)
  A hydra (D)
  A harpy (D)
  An orc knight (D)
  A black mamba (D)
  Maurice (D)
  A sixfirhy (D)
  3 blink frogs (D)
  A boulder beetle (D)
  A deep elf fighter (D)
  5 wolves (D)
  A vampire mosquito (D)
  A sky beast (D)
  A sheep (D)
  A river rat (D)
  An orc (D)
  A bat (D)
  A goblin (D)
23 creatures vanquished.

Vanquished Creatures (others)
  A sheep (D)
  2 orcs (D)
  5 spectral weapons (D)
8 creatures vanquished.

Grand Total: 120 creatures vanquished

Notes
Turn   | Place    | Note
--------------------------------------------------------------
     0 | D        | pipel the Hill Orc Skald began the quest for the Orb.
     0 | D        | Reached XP level 1. HP: 18/18 MP: 3/3
    17 | D        | Reached skill level 3 in Axes
    54 | D        | Found a sacrificial altar of Ru.
    54 | D        | Found a basalt altar of Yredelemnul.
    54 | D        | Found a shadowy altar of Dithmenos.
    54 | D        | Found a deep blue altar of Sif Muna.
    54 | D        | Found a burning altar of Makhleb.
    54 | D        | Found a shimmering altar of Xom.
    54 | D        | Found an ancient bone altar of Kikubaaqudgha.
    54 | D        | Found a sparkling altar of Nemelex Xobeh.
    55 | D        | Found a glowing golden altar of the Shining One.
    55 | D        | Found a bloodstained altar of Trog.
    55 | D        | Found a shattered altar of Ashenzari.
    55 | D        | Found a white marble altar of Elyvilon.
    55 | D        | Found a snail-covered altar of Cheibriados.
    55 | D        | Found a blossoming altar of Fedhas.
    55 | D        | Found a radiant altar of Vehumet.
    55 | D        | Found a glowing silver altar of Zin.
    55 | D        | Found a corrupted altar of Lugonu.
    55 | D        | Found a viscous altar of Jiyva.
    55 | D        | Found a roughly hewn altar of Beogh.
    55 | D        | Found an iron altar of Okawaru.
    60 | D        | Found a stormy altar of Qazlal.
    61 | D        | Found an opulent altar of Gozag.
    62 | D        | Became a worshipper of Beogh the Brigand
   235 | D        | Reached skill level 1 in Dodging
   235 | D        | Reached XP level 2. HP: 8/26 MP: 0/4
   527 | D        | Acquired Beogh's first power
   596 | D        | Acquired Beogh's second power
   596 | D        | Reached skill level 4 in Axes
   596 | D        | Reached XP level 3. HP: 2/33 MP: 3/6
   596 | D        | HP: 2/49 [orc/tomahawk (1)]
   626 | D        | Noticed a brain worm
   626 | D        | Learned a level 3 spell: Spectral Weapon
   915 | D        | Killed a brain worm
   915 | D        | Reached skill level 5 in Axes
   915 | D        | Reached skill level 1 in Stealth
   915 | D        | Reached XP level 4. HP: 36/41 MP: 4/7
   920 | D        | Learned a level 3 spell: Regeneration
  1002 | D        | Noticed Crazy Yiuf
  1003 | D        | Acquired Beogh's third power
  1006 | D        | Killed Crazy Yiuf
  1006 | D        | Reached skill level 1 in Necromancy
  1006 | D        | Reached XP level 5. HP: 42/47 MP: 4/9
  1069 | D        | Noticed Purgy
  1071 | D        | Killed Purgy
  1071 | D        | Reached skill level 5 in Fighting
  1071 | D        | Reached skill level 6 in Axes
  1071 | D        | Reached skill level 5 in Armour
  1071 | D        | Reached skill level 1 in Hexes
  1071 | D        | Reached skill level 5 in Charms
  1071 | D        | Reached XP level 6. HP: 54/56 MP: 7/10
  1073 | D        | Noticed a big kobold
  1076 | D        | Noticed a warg
  1090 | D        | Killed a big kobold
  1097 | D        | Killed a warg
  1097 | D        | Acquired Beogh's fourth power
  1097 | D        | Reached skill level 7 in Axes
  1132 | D        | Noticed a porcupine
  1134 | D        | Killed a porcupine
  1134 | D        | Reached XP level 7. HP: 54/62 MP: 9/13
  1155 | D        | Noticed a centaur
  1162 | D        | Killed a centaur
  1166 | D        | Noticed a worker ant
  1166 | D        | Noticed a hound
  1166 | D        | Noticed a jelly
  1167 | D        | Killed a jelly
  1178 | D        | Killed a hound
  1178 | D        | Reached skill level 8 in Axes
  1183 | D        | Killed a worker ant
  1183 | D        | Acquired Beogh's fifth power
  1183 | D        | Reached skill level 5 in Dodging
  1202 | D        | Learned a level 2 spell: Shroud of Golubria
  1322 | D        | Noticed an ice beast
  1322 | D        | Noticed a vampire mosquito
  1322 | D        | Noticed a vampire mosquito
  1322 | D        | Noticed a vampire mosquito
  1322 | D        | Noticed a vampire mosquito
  1322 | D        | Noticed a quasit
  1325 | D        | Killed a vampire mosquito
  1325 | D        | Reached skill level 5 in Spellcasting
  1325 | D        | Reached XP level 8. HP: 56/71 MP: 8/15
  1328 | D        | Killed a vampire mosquito
  1331 | D        | Killed a vampire mosquito
  1334 | D        | Killed a quasit
  1335 | D        | Killed a vampire mosquito
  1337 | D        | Killed an ice beast
  1337 | D        | Reached skill level 9 in Axes
  1337 | D        | Gained Olfik as an ally
  1469 | D        | Noticed a boulder beetle
  1469 | D        | Noticed a killer bee
  1469 | D        | Noticed a killer bee
  1469 | D        | Noticed a killer bee
  1469 | D        | Noticed a killer bee
  1469 | D        | Noticed a killer bee
  1469 | D        | Noticed a killer bee
  1470 | D        | Killed a killer bee
  1472 | D        | Killed a killer bee
  1475 | D        | Killed a killer bee
  1478 | D        | Killed a killer bee
  1480 | D        | Killed a killer bee
  1480 | D        | Killed a killer bee
  1485 | D        | Killed a boulder beetle
  1485 | D        | Reached skill level 1 in Translocations
  1485 | D        | Reached XP level 9. HP: 37/80 MP: 5/19
  1538 | D        | Noticed a quasit
  1540 | D        | Noticed Sigmund
  1541 | D        | Noticed a crocodile
  1541 | D        | Noticed a wolf
  1541 | D        | Noticed a wolf
  1543 | D        | Noticed a wolf
  1543 | D        | Noticed a komodo dragon
  1543 | D        | Killed a quasit
  1546 | D        | Noticed Grum
  1548 | D        | Killed a crocodile
  1550 | D        | Killed a wolf
  1553 | D        | Killed a wolf
  1556 | D        | Killed Grum
  1556 | D        | Reached skill level 10 in Axes
  1557 | D        | Killed a komodo dragon
  1559 | D        | Killed a wolf
  1574 | D        | Killed Sigmund
  1574 | D        | Reached skill level 11 in Axes
  1641 | D        | Noticed a wraith
  1641 | D        | Noticed a jumping spider
  1641 | D        | Noticed a sky beast
  1642 | D        | Noticed a blue devil
  1644 | D        | Killed a wraith
  1646 | D        | Killed a sky beast
  1655 | D        | Killed a jumping spider
  1670 | D        | Noticed a basilisk
  1675 | D        | Killed a blue devil
  1675 | D        | Reached XP level 10. HP: 91/91 MP: 10/20
  1676 | D        | Killed a basilisk
  1684 | D        | Noticed a redback
  1684 | D        | Noticed a soldier ant
  1689 | D        | Killed a redback
  1689 | D        | Reached skill level 12 in Axes
  1692 | D        | Killed a soldier ant
  1692 | D        | Reached skill level 1 in Invocations
  1736 | D        | Noticed a hornet
  1736 | D        | Noticed a sixfirhy
  1736 | D        | Noticed a deep elf sorcerer
  1736 | D        | Noticed a mottled dragon
  1737 | D        | Noticed a deep elf fighter
  1737 | D        | Noticed an alligator snapping turtle
  1741 | D        | Killed a sixfirhy
  1741 | D        | Reached skill level 10 in Charms
  1747 | D        | Killed a hornet
  1748 | D        | Killed a deep elf sorcerer
  1748 | D        | Reached skill level 10 in Fighting
  1748 | D        | Reached skill level 13 in Axes
  1748 | D        | Killed a mottled dragon
  1756 | D        | Killed an alligator snapping turtle
  1756 | D        | Reached skill level 10 in Armour
  1759 | D        | Killed a deep elf fighter
  1886 | D        | Noticed a shadow
  1886 | D        | Noticed a deep elf fighter
  1886 | D        | Noticed a sky beast
  1886 | D        | Noticed a wizard
  1886 | D        | Noticed a vampire mosquito
  1886 | D        | Noticed a vampire mosquito
  1886 | D        | Noticed a wolf
  1886 | D        | Noticed a wolf
  1886 | D        | Noticed a wolf
  1886 | D        | Noticed a harpy
  1886 | D        | Noticed a harpy
  1887 | D        | Noticed a vampire mosquito
  1887 | D        | Noticed a harpy
  1887 | D        | Noticed a harpy
  1887 | D        | Killed a vampire mosquito
  1887 | D        | Reached skill level 14 in Axes
  1887 | D        | Reached XP level 11. HP: 101/101 MP: 17/21
  1887 | D        | Killed a wolf
  1887 | D        | Killed a wolf
  1888 | D        | Noticed a harpy
  1888 | D        | Killed a harpy
  1889 | D        | Noticed a wolf
  1889 | D        | Noticed a wolf
  1889 | D        | Noticed a steam dragon
  1892 | D        | Killed a vampire mosquito
  1893 | D        | Noticed a black mamba
  1893 | D        | Killed a harpy
  1896 | D        | Killed a harpy
  1898 | D        | Killed a sky beast
  1898 | D        | Killed a wolf
  1899 | D        | Killed a wizard
  1899 | D        | Reached skill level 15 in Axes
  1902 | D        | Killed a harpy
  1902 | D        | Killed a wolf
  1905 | D        | Killed a vampire mosquito
  1910 | D        | Killed a shadow
  1913 | D        | Killed a deep elf fighter
  1913 | D        | Gained Olfik as an ally
  1914 | D        | Killed a wolf
  1914 | D        | Reached skill level 10 in Dodging
  1919 | D        | Killed a black mamba
  1929 | D        | Killed a harpy
  1929 | D        | Reached skill level 5 in Invocations
  1933 | D        | Killed a steam dragon
  2118 | D        | Noticed a blink frog
  2119 | D        | Noticed a blink frog
  2119 | D        | Noticed a blink frog
  2121 | D        | Noticed a blink frog
  2121 | D        | Noticed a hellwing
  2126 | D        | Killed a blink frog
  2127 | D        | Killed a blink frog
  2133 | D        | Killed a hellwing
  2134 | D        | Killed a blink frog
  2134 | D        | Reached skill level 16 in Axes
  2139 | D        | Killed a blink frog
  2181 | D        | Noticed an orange demon
  2189 | D        | Killed an orange demon
  2197 | D        | Noticed a death knight
  2215 | D        | Killed a death knight
  2274 | D        | Noticed a rust devil
  2276 | D        | Noticed Maurice
  2281 | D        | Killed a rust devil
  2289 | D        | Killed Maurice
  2321 | D        | Noticed a jumping spider
  2321 | D        | Noticed a guardian mummy
  2327 | D        | Killed a guardian mummy
  2329 | D        | Killed a jumping spider
  2333 | D        | Reached XP level 12. HP: 84/112 MP: 14/22
  2441 | D        | Noticed a catoblepas
  2447 | D        | Killed a catoblepas
  2447 | D        | Reached skill level 17 in Axes
  2448 | D        | Noticed a four-headed hydra
  2448 | D        | Noticed an orc knight
  2448 | D        | Noticed an orc knight
  2448 | D        | Noticed an orc knight
  2448 | D        | Noticed an orc knight
  2449 | D        | Noticed an orc warlord
  2449 | D        | Noticed an orc warlord
  2449 | D        | Noticed an orc knight
  2452 | D        | Killed a five-headed hydra
  2454 | D        | Noticed a naga warrior
  2454 | D        | Noticed a large abomination
  2454 | D        | Noticed an orc knight
  2454 | D        | Noticed an orc knight
  2455 | D        | Noticed an orc knight
  2457 | D        | Killed an orc knight
  2459 | D        | Noticed an orc warrior
  2461 | D        | Killed an orc knight
  2462 | D        | Noticed a naga
  2462 | D        | Noticed a naga warrior
  2462 | D        | Slain by an orc warlord

Vault maps used:
D:        pitsprint

Action                   |  1- 3 |  4- 6 |  7- 9 | 10-12 || total
-------------------------+-------+-------+-------+-------++-------
Melee: Hand axe          |    51 |    18 |    32 |       ||   101
       War axe           |       |       |    49 |   110 ||   159
Throw: Stone             |       |     2 |       |     1 ||     3
 Cast: Infusion          |     4 |       |       |       ||     4
       Spectral Weapon   |     1 |     4 |    10 |    12 ||    27
       Regeneration      |       |     2 |    12 |     8 ||    22
       Shroud of Golubri |       |       |     3 |     3 ||     6
Invok: Smiting           |       |       |     1 |     5 ||     6
       Give Item to Name |       |       |     1 |     1 ||     2
Evoke: Staff of energy   |       |     4 |    24 |     7 ||    35
  Use: Potion            |     1 |       |     1 |     1 ||     3
       Scroll            |       |     1 |       |     4 ||     5
 Stab: Sleeping          |       |     1 |       |       ||     1
       Distracted        |       |       |     1 |       ||     1
       Paralysed         |       |       |       |     1 ||     1
  Eat: Bread ration      |     1 |       |       |     2 ||     3
       Chunk             |       |       |     3 |     4 ||     7
